 Dungeon Crawl Stone Soup version 0.26-a0-52-gd53d4cd058 (webtiles) character file.

Game seed: 2004475601498042200

10392 bmfx the Cleaver (level 11, -9/86 HPs)
             Began as a Formicid Conjurer on June 5, 2020.
             Was an Elder of Uskayaw.
             Mangled by Urug
             ... wielding a +1 vorpal battleaxe
              (37 damage)
             ... on level 11 of the Dungeon.
             The game lasted 00:50:34 (16711 turns).

bmfx the Cleaver (Formicid Conjurer)               Turns: 16711, Time: 00:50:34

Health: -9/86      AC: 17    Str: 15    XL:     11   Next: 92%
Magic:  17/17      EV: 11    Int: 20    God:    Uskayaw [****..]
Gold:   710        SH:  0    Dex: 14    Spells: 15/18 levels left

rFire    . . .     SeeInvis +   a - +5 demon blade (freeze)
rCold    + + .     Gourm    .   (no shield)
rNeg     . . .     Faith    +   m - +5 ring mail "Rutikhio" {rC+ Int+4 Dex+3}
rPois    .         Spirit   .   (helmet unavailable)
rElec    .         Reflect  .   E - +1 cloak
rCorr    .         Harm     .   (no gloves)
MR       +....                  x - +2 pair of boots
Stlth    +.........             z - amulet of faith
HPRegen  0.24/turn              d - ring of protection from cold
MPRegen  0.15/turn              (no ring)

@: no status effects
A: permanent stasis, dig shafts and tunnels, four strong arms, antennae 3
a: Dig, Shaft Self, Stomp, Line Pass, Renounce Religion


You were on level 11 of the Dungeon.
You worshipped Uskayaw.
Uskayaw was aware of your devotion.
You were near starving.

You visited 2 branches of the dungeon, and saw 12 of its levels.
You also visited: Bailey.

You collected 770 gold pieces.
You spent 60 gold pieces at shops.


Innate Abilities, Weirdness & Mutations

You cannot be hasted, slowed, berserked, paralysed or teleported.
You can dig through walls and to a lower floor.
Your four strong arms can wield two-handed weapons with a shield.
You have a pair of large antennae on your head. (SInv)

Dungeon Overview and Level Annotations

Branches:
Dungeon (11/15)            Temple (1/1) D:5            Lair (0/6) D:9
    Orc (0/2) D:11         Bailey (visited)

Altars:
Cheibriados
Dithmenos
Elyvilon
Fedhas
Gozag
Hepliaklqana
Kikubaaqudgha
Makhleb
Nemelex Xobeh
Okawaru
Ru
Sif Muna
Uskayaw
Vehumet
Wu Jian
Zin

Shops:
D:6 *

Annotations:
D:4 3 runed translucent doors, Zanta616's ghost, amateur HOFi
D:11 Urug


   Skills:
 - Level 8.0 Fighting
 + Level 5.2 Long Blades
   Level 8.1 Axes
 - Level 8.0 Armour
 - Level 1.7 Dodging
 - Level 2.4 Stealth
 + Level 7.3 Shields
 - Level 4.0 Spellcasting
 - Level 4.0 Conjurations
 - Level 8.0 Invocations
 - Level 5.0 Evocations


You had 15 spell levels left.
You knew the following spells:

 Your Spells              Type           Power        Failure   Level  Hunger
A - Magic Dart            Conj           ###.         4%          1    None
B - Searing Ray           Conj           ###...       6%          2    #......

Your spell library contained the following spells:

 Spells                   Type           Power        Failure   Level  Hunger
 Sandblast                Erth           #.....       22%         1    None
 Dazzling Flash           Conj/Hex       ##....       28%         3    ###....
 Stone Arrow              Conj/Erth      ##....       28%         3    ###....
 Passwall                 Tmut/Erth      #.......     32%         2    #......
 Confusing Touch          Hex            #.......     54%         3    ###....
 Gell's Gravitas          Tloc           #.........   54%         3    ###....
 Ignite Poison            Fire/Tmut/Pois #.......     54%         3    ###....
 Fulminant Prism          Conj/Hex       ##........   67%         4    ####...
 Iskenderun's Mystic Bla  Conj/Tloc      ##......     67%         4    ####...
 Petrify                  Tmut/Erth      #.......     91%         4    ####...
 Fireball                 Conj/Fire      ##........   95%         5    ######.
 Lee's Rapid Deconstruct  Erth           #.........   99%         5    ######.
 Metabolic Englaciation   Hex/Ice        #.........   99%         5    ######.
 Yara's Violent Unravell  Hex/Tmut       #.........   99%         5    ######.
 Starburst                Conj/Fire      ##........   100%        6    #######
 Ring of Flames           Chrm/Fire      #.........   100%        7    #######
 Ignition                 Fire           #.........   100%        8    #######

Action                   |  1- 3 |  4- 6 |  7- 9 | 10-12 || total
-------------------------+-------+-------+-------+-------++-------
Melee: Whip              |     4 |     1 |       |       ||     5
       Broad axe         |       |     1 |    85 |       ||    86
       War axe           |       |       |    45 |   206 ||   251
       Demon blade       |       |       |       |    86 ||    86
Throw: Dart              |       |       |       |    15 ||    15
 Cast: Magic Dart        |    39 |    57 |    73 |    73 ||   242
       Searing Ray       |     7 |    32 |    46 |    42 ||   127
Invok: Line Pass         |       |       |     4 |    10 ||    14
 Abil: Dig               |     2 |     2 |     8 |     8 ||    20
       Shaft Self        |       |       |       |     2 ||     2
Evoke: Wand              |       |       |    11 |    24 ||    35
  Use: Scroll            |     2 |     4 |    19 |     1 ||    26
       Potion            |       |       |     1 |     5 ||     6
 Stab: Sleeping          |       |     1 |       |       ||     1
       Confused          |       |       |     4 |     1 ||     5
       Paralysed         |       |       |     6 |    29 ||    35
  Eat: Chunk             |     4 |    11 |    12 |    13 ||    40
       Ration            |       |       |     3 |     5 ||     8
Armor: Robe              |     2 |     9 |     2 |       ||    13
       Ring mail         |       |       |    62 |    58 ||   120
       Steam dragon scal |       |       |     7 |    83 ||    90
Dodge: Dodged            |     3 |    26 |   119 |   214 ||   362
       Rpst.: Demon blade |       |       |       |     9 ||     9

Skill      XL: |  1  2  3  4  5  6  7  8  9 10 11 |
---------------+----------------------------------+-----
Conjurations   | 4 |  4.0
Spellcasting   | 4 |  4.0
Fighting       | 2 4 6 8 |  8.0
Armour         | 3 4 8 |  8.0
Axes           | 4 6 7 8 |  8.1
Invocations    | 2 4 6 8 |  8.0
Evocations     | 3 5 |  5.0
Shields        | 7 |  7.3
Long Blades    | 5 |  5.2
Dodging        | |  1.7
Stealth        | |  2.4

Inventory:

Hand Weapons
 a - a +5 demon blade of freezing (weapon)
 i - a +0 fustibalus
 H - the +5 long sword of Baafim {drain, rF+ Int+3}
   (You found it on level 10 of the Dungeon)

   A truly terrible weapon, it drains the life of those it strikes.
   It affects your intelligence (+3).
   It protects you from fire.
Missiles
 s - 33 poisoned darts (quivered)
 y - a throwing net {!f}
Armour
 b - a +0 chain mail
 m - the +5 ring mail "Rutikhio" (worn) {rC+ Int+4 Dex+3}
   (You took it off a big kobold on level 10 of the Dungeon)

   It affects your intelligence (+4).
   It affects your dexterity (+3).
   It protects you from cold.
 x - a +2 pair of boots (worn)
 D - a +0 kite shield
 E - a +1 cloak (worn)
 G - a +2 chain mail of magic resistance
Magical Staves
 e - an uncursed staff of wizardry {!a}
Jewellery
 d - a ring of protection from cold (left hand)
 j - an uncursed amulet of regeneration
 z - an amulet of faith (around neck)
Wands
 f - a wand of enslavement (1)
 r - a wand of flame (14)
 A - a wand of disintegration (14)
 B - a wand of iceblast (5)
 C - a wand of digging (15)
Scrolls
 g - 2 scrolls of fog
 n - a scroll of summoning {unknown}
 p - 2 scrolls of immolation
 t - a scroll of remove curse {@r4}
Potions
 h - a potion of curing {@q2}
 k - 2 potions of magic
 l - a potion of invisibility {unknown}
 q - a potion of resistance
 v - 2 potions of ambrosia
 w - 2 potions of flight
 F - 5 potions of degeneration {degen, unknown}
Miscellaneous
 o - a box of beasts
 u - a phantom mirror
Comestibles
 c - 22 rations

#.## ##..##...#..
##.# #........#..
#.## #........#..
##.# ##..##...#..
#.## ##..##...#..
##{# #....#...+..
#.## #....#...#..
##o#####..##......
#@##..##..##...#..
####...#.......#..
#...#.......#..
#...'.......#.K
#...#.......#..
#..##+###...#..
#..##..##...#..
#...........#..
#.........).#..


You could see Urug (fast, strong).

Vanquished Creatures
  A two-headed ogre (D:10)
  Nergalle (D:11)
  An unseen horror (D:10)
  2 cyclopes
  An elephant (D:9)
  Maggie (D:8)
  A troll (D:10)
  3 hippogriffs (D:10)
  Grinder (D:6)
  6 yaks
  A wyvern (D:10)
  A vampire mosquito (D:10)
  A basilisk (D:9)
  A hungry ghost (D:10)
  6 orc warriors
  3 sky beasts
  4 ice beasts
  4 ogres
  2 phantoms
  2 centaurs (D:10)
  2 crocodiles
  2 big kobolds
  3 bullfrogs
  A gnoll sergeant (D:5)
  A wyvern skeleton (D:10)
  A scorpion (D:10)
  12 killer bees
  A howler monkey (D:8)
  3 wights
  6 crimson imps
  A centaur zombie (D:5)
  A jelly (D:9)
  4 orc priests
  5 hounds
  3 iguanas
  A centaur skeleton (D:10)
  12 worker ants
  Natasha (thrice) (D:2)
  11 orc wizards
  A killer bee zombie (D:6)
  4 hound skeletons
  2 worker ant zombies
  10 adders
  8 gnolls (D:5)
  A shadow imp (D:10)
  An ooze (D:6)
  An adder zombie (D:7)
  3 adder skeletons
  A worm (D:5)
  3 dart slugs
  6 leopard geckos
  37 orcs
  8 bats
  7 giant cockroaches
  7 goblins
  8 hobgoblins
  12 jackals
  4 quokkas
  5 ball pythons
  3 frilled lizards
  3 jackal skeletons (D:4)
  23 kobolds
  A leopard gecko skeleton (D:8)
  6 rats
281 creatures vanquished.

Vanquished Creatures (collateral kills)
  A kobold demonologist (D:11)
1 creature vanquished.

Vanquished Creatures (others)
  A fungus (D:9)
1 creature vanquished.

Grand Total: 283 creatures vanquished

Levels and vault maps discovered:
D:1:      psy_arrival_terrarium, layout_loops_ring, serial_bayou_lagoon_a
D:2:      layout_loops_corners, lemuel_coloured_pillars_altar,
          roderic_lattice_a, uniq_natasha
D:3:      layout_basic, grunt_temple_overflow_growth_and_decay,
          kb_xom_exploding_sheep, first_ration
D:4:      layout_basic, kennysheep_mini, kennysheep_mini_moat,
          gammafunk_ghost_necromancy
D:5:      layout_loops_ring, minmay_temple_entry_poolview
D:6:      layout_basic, serial_shops,
          nicolae_shop_temple_entry_statues_fountains, grunt_dithmenos_shadows,
          uniq_grinder
D:7:      layout_loops_ring, overflow_temple_1_default, enter_bailey_2
D:8:      layout_basic, blue_anna_alchemist [blue_anna_fruit_fields,
          blue_anna_fruit_fields], minmay_misc_feat_rows, uniq_maggie
D:9:      layout_long_grid, nicolae_ru_awakened_eye, david_lair_generic
D:10:     minmay_the_grid_octo_tiled_squarecenter
          [minmay_the_grid_octo_checkered, minmay_the_grid_octo_thin_diamonds,
          minmay_the_grid_octo_horde, minmay_the_grid_octo_clover_2,
          minmay_the_grid_square_5x5_megaprize_crossed,
          minmay_the_grid_square_5x5_mess, minmay_the_grid_square_5x5_two_small,
          minmay_the_grid_square_5x5_dogpile,
          minmay_the_grid_square_5x5_inner_z], layout_small_grid
D:11:     layout_gridville, orc_0_dummy, uniq_urug, uniq_maurice, uniq_nergalle
Temple:   nicolae_temple_great_sept


Message History

Nergalle is almost dead.
Nergalle hits you but does no damage.
You hit Nergalle. You freeze Nergalle.
Nergalle is almost dead.
Nergalle hits you but does no damage.
You completely miss Nergalle.
Nergalle is almost dead.
Nergalle hits you but does no damage.
You slash Nergalle! You freeze Nergalle.
You kill Nergalle!
Your Long Blades skill increases to level 5!
Your Shields skill increases to level 7!
Urug drinks a potion.
Urug seems to grow stronger.
Are you sure you want to shaft yourself?
You are near starving!
Urug grins and says, "Time to carve some turkeys."
Urug hits you with a +1 vorpal battleaxe!!
You begin to dig a shaft.
You continue digging a shaft.
Urug hits you with a +1 vorpal battleaxe!!!
You die...

Notes
Turn   | Place    | Note
-------+----------+-------------------------------------------
     0 | D:1      | bmfx the Formicid Conjurer began the quest for the Orb.
     0 | D:1      | Reached XP level 1. HP: 13/13 MP: 3/3
   360 | D:1      | Reached XP level 2. HP: 19/19 MP: 0/5
   417 | D:1      | Learned a level 2 spell: Searing Ray
   796 | D:1      | Reached XP level 3. HP: 24/24 MP: 1/7
  1934 | D:2      | Noticed Natasha
  1940 | D:2      | Killed Natasha
  1940 | D:2      | Reached XP level 4. HP: 31/31 MP: 6/10
  2173 | D:2      | Found a radiant altar of Vehumet.
  2242 | D:2      | Reached skill level 1 in Fighting
  2429 | D:2      | Noticed Natasha
  2463 | D:2      | Killed Natasha
  2463 | D:2      | Reached XP level 5. HP: 39/39 MP: 7/11
  2591 | D:2      | Noticed Natasha
  2600 | D:2      | Killed Natasha
  3460 | D:3      | Found a blossoming altar of Fedhas.
  3462 | D:3      | Found an ancient bone altar of Kikubaaqudgha.
  3645 | D:4      | Reached XP level 6. HP: 38/48 MP: 7/12
  3872 | D:4      | Reached skill level 1 in Armour
  4097 | D:4      | Noticed an ogre
  4375 | D:4      | Found a snail-covered altar of Cheibriados.
  4583 | D:4      | Found a glowing silver altar of Zin.
  5079 | D:4      | Reached XP level 7. HP: 54/54 MP: 8/13
  5175 | D:4      | Found a runed translucent gate.
  5297 | D:5      | Entered Level 5 of the Dungeon
  6057 | D:5      | Found a staircase to the Ecumenical Temple.
  6066 | Temple   | Entered the Ecumenical Temple
  6093 | Temple   | Became a worshipper of Uskayaw the Reveler
  6275 | D:5      | Reached * piety under Uskayaw
  6277 | D:5      | Reached ** piety under Uskayaw
  6719 | D:5      | Reached XP level 8. HP: 43/60 MP: 4/14
  6719 | D:5      | Reached *** piety under Uskayaw
  7435 | D:5      | Found a staircase to the Ecumenical Temple.
  7686 | D:6      | Noticed Grinder
  7833 | D:6      | Reached skill level 5 in Axes
  8521 | D:6      | Found Unaod's Assorted Antiques.
  8526 | D:6      | Bought a scroll labeled YHADAU VECEJA for 30 gold pieces
  8526 | D:6      | Bought a scroll labeled YHADAU VECEJA for 30 gold pieces
  8557 | D:6      | Killed Grinder
  8715 | D:6      | Found a shadowy altar of Dithmenos.
  8904 | D:6      | Reached XP level 9. HP: 65/65 MP: 15/15
  9049 | D:7      | Got a jewelled falchion
  9060 | D:7      | Identified the +5 falchion of Ruination {vorpal, Str+6}
                  | (You found it on level 7 of the Dungeon)
  9138 | D:7      | Found a flagged portal.
  9157 | Bailey   | Entered a bailey
  9196 | Bailey   | Noticed an orc warlord
  9231 | Bailey   | Reached **** piety under Uskayaw
  9308 | Bailey   | Found a runed translucent gate.
  9309 | Bailey   | Found a runed translucent gate.
  9311 | Bailey   | Found a runed translucent gate.
  9323 | Bailey   | Reached skill level 5 in Evocations
  9624 | D:7      | Found an iron altar of Okawaru.
  9799 | D:7      | Reached skill level 5 in Fighting
 10282 | D:8      | Noticed Maggie
 10297 | D:8      | Killed Maggie
 11057 | D:9      | You fall into a shaft and drop 2 floors!
 11058 | D:11     | Noticed a kobold demonologist
 11058 | D:11     | Noticed a gargoyle
 11077 | D:11     | Found a staircase to the Orcish Mines.
 11094 | D:11     | Killed a kobold demonologist
 11113 | D:11     | Noticed a troll
 11132 | D:10     | Entered Level 10 of the Dungeon
 11137 | D:10     | Killed a troll
 11137 | D:10     | Reached XP level 10. HP: 77/77 MP: 16/16
 11814 | D:6      | Reached skill level 5 in Armour
 12088 | D:4      | Found a runed translucent gate.
 12088 | D:4      | Found a runed translucent gate.
 12103 | D:4      | Noticed Zanta616's ghost (amateur HOFi)
 12399 | D:9      | Noticed a cyclops
 13095 | D:8      | Killed a cyclops
 13148 | D:9      | You fall into a shaft and drop 1 floor!
 13431 | D:10     | Reached skill level 5 in Invocations
 13774 | D:9      | Found a sacrificial altar of Ru.
 14065 | D:9      | Noticed an elephant
 14075 | D:9      | Killed an elephant
 14075 | D:9      | Reached XP level 11. HP: 67/86 MP: 12/17
 14537 | D:9      | Found a staircase to the Lair.
 14836 | D:10     | Reached skill level 1 in Shields
 15190 | D:10     | Noticed an unseen horror
 15204 | D:10     | Killed an unseen horror
 15207 | D:10     | Reached ***** piety under Uskayaw
 15226 | D:10     | Reached ****** piety under Uskayaw
 15389 | D:10     | Identified the +5 ring mail "Rutikhio" {rC+ Int+4 Dex+3}
 15411 | D:10     | Reached skill level 5 in Shields
 15781 | D:10     | Noticed a cyclops
 15788 | D:10     | Killed a cyclops
 15878 | D:10     | Noticed a two-headed ogre
 16199 | D:10     | Killed a two-headed ogre
 16281 | D:10     | Got a pitted long sword
 16282 | D:10     | Identified the +5 long sword of Baafim {drain, rF+ Int+3}
                  | (You found it on level 10 of the Dungeon)
 16657 | D:11     | Noticed a cyclops
 16661 | D:11     | Noticed Urug
 16668 | D:11     | Noticed Nergalle
 16709 | D:11     | Killed Nergalle
 16709 | D:11     | Reached skill level 5 in Long Blades
 16711 | D:11     | Mangled by Urug
